Map: Triton LE

Players

SortOf

  • Race: Zerg Zerg
  • League: Master
  • Spawn Location: 11:00

DPGPartinG (PartinG) - Winner!

  • Race: Protoss Protoss
  • Spawn Location: 5:00

Event: HomeStory Cup XX

VOD

Have the link to the VOD?

Description

Time

  • Played on: Nov. 21, 2019, 10:16 a.m.
  • Length: 7:18

All games in this series

Show
View Real Time Build Order
Export as new Build Order

SortOf Zerg 

Build Orders: Hatch First 

Get SALT Encoding   

  12  0:01  Drone  
  13  0:12  Overlord  
  13  0:16  Drone  
  14  0:30  Drone x2  
  16  0:49  Hatchery  
  15  0:52  Drone  
  15  0:55  Drone  
  17  0:58  Drone  
  18  1:10  Extractor  
  17  1:16  Spawning Pool  
  17  1:18  Drone  
  17  1:21  Drone  
  18  1:29  Drone  
  19  1:41  Drone  
  20  1:50  Overlord  
  20  2:02  Queen x2  
  20  2:03  Zergling x4  
  26  2:11  Drone x2  
  28  2:23  Drone x2  
  28  2:28  Metabolic Boost  
  30  2:39  Hatchery  
  30  2:42  Drone  
  30  2:45  Drone x2  
  30  2:50  Overlord  
  32  2:54  Queen  
  34  3:00  Drone  
  34  3:03  Drone  
  36  3:15  Drone x2  
  36  3:16  Drone  
  36  3:17  Drone  
  36  3:19  Queen  
  42  3:21  Overlord  
  42  3:25  Zergling x4  
  44  3:35  Overlord  
  44  3:41  Drone x2  
  46  3:46  Drone  
  47  3:49  Drone x3  
  47  3:51  Queen  
  52  3:58  Zergling x2  
  52  3:59  Zergling x2  
  52  4:00  Drone  
  55  4:04  Extractor x2  
  55  4:05  Drone x3, Roach Warren  
  55  4:08  Overlord  
  55  4:17  Drone  
  55  4:22  Drone, Overlord  
  56  4:32  Queen  
  56  4:36  Overlord  
  56  4:37  Zergling x4  
  60  4:45  Roach x8  
  76  4:46  Zergling x2  
  76  4:50  Zergling x6  
  80  4:53  Overlord  
  80  5:01  Zergling x8  
  80  5:06  Zergling x2  
  79  5:11  Zergling x4  
  79  5:13  Zergling x6  
  78  5:19  Zergling x8  
  79  5:24  Queen  
  79  5:28  Roach x3  
  79  5:32  Zergling x4  
  79  5:34  Drone  
  70  5:39  Roach  
  70  5:40  Roach  
  70  5:41  Ravager x2  
  70  5:42  Ravager  
  75  5:44  Zergling x2  
  75  5:48  Queen  
  78  5:50  Zergling x4  
  78  6:01  Zergling x8  
  73  6:04  Roach  
  73  6:08  Roach  
  73  6:10  Queen  
  73  6:15  Ravager x4  
  73  6:16  Zergling x2  
  78  6:20  Overlord  
  78  6:24  Queen  
  79  6:27  Zergling x2  
  79  6:30  Zergling x2  
  67  6:41  Zergling x6  
  67  6:46  Roach x2  
  70  6:53  Roach  
  65  6:55  Roach  
Show
View Real Time Build Order
Export as new Build Order

DPGPartinG Protoss - Winner!

Build Orders: 1 Gate Expand 

Get SALT Encoding   

  12  0:00  Probe  
  13  0:13  Probe  
  14  0:17  Pylon  
  14  0:24  Probe  
  15  0:32  Probe  
  15  0:37  Gateway  
  15  0:40  Probe  
  16  0:46  Assimilator  
  17  0:51  Probe  
  18  1:03  Probe  
  19  1:15  Probe  
  20  1:23  Nexus  
  20  1:32  Cybernetics Core  
  20  1:35  Probe  
  21  1:41  Assimilator  
  21  1:47  Probe  
  21  1:49  Pylon  
  22  1:58  Adept  
  22  1:59  Probe  
  25  2:09  Probe  
  25  2:10  Robotics Facility  
  26  2:16  Warp Gate  
  26  2:17  Probe  
  27  2:28  Probe  
  29  2:31  Stalker, Probe  
  31  2:39  Probe  
  31  2:40  Probe  
  33  2:49  Probe  
  33  2:51  Immortal  
  33  2:53  Probe  
  39  3:04  Sentry  
  42  3:05  Probe  
  42  3:06  Probe  
  43  3:13  Pylon  
  43  3:20  Warp Prism, Gateway  
  43  3:26  Gateway  
  45  3:35  Pylon  
  45  3:43  Gateway  
  45  3:46  Gateway  
  45  3:51  Gateway  
  45  3:56  Gateway  
  45  4:04  Sentry, Probe  
  45  4:07  Gateway  
  48  4:18  Pylon, Sentry  
  48  4:24  Sentry  
  52  4:28  Pylon  
  52  4:29  Zealot  
  54  4:43  Zealot x3  
  60  4:46  Zealot  
  60  4:47  Zealot  
  60  4:50  Zealot  
  60  4:52  Zealot  
  58  5:16  Zealot x7  
  58  5:17  Stalker  
  50  5:36  Zealot x3  
  50  5:37  Zealot x4  
  50  5:41  Stalker  
  64  5:55  Stalker x2  
  64  5:58  Stalker x2  
  64  6:04  Stalker  
  62  6:23  Zealot x6  
  74  6:29  Zealot  
  74  6:30  Zealot  
  66  6:45  Stalker  
  66  6:46  Stalker x2, Zealot  
  72  6:54  Zealot x2  
  72  7:02  Stalker  
  72  7:04  Zealot  
  74  7:11  Zealot x2  
  76  7:16  Stalker  
  76  7:17  Zealot  
Tags
 
Add a new tag
Caveats
  • Supply blocks, unpowered buildings, or Contaminate may cause inaccurate times.
  • Supply counts are checked every 10 seconds.